Map: Backwater LE

Players

AceVenturaPD - Winner!

  • Race: Protoss Protoss
  • League: Diamond
  • Spawn Location: 11:00

Scrotacular

  • Race: Zerg Zerg
  • League: Diamond
  • Spawn Location: 5:00

VOD

Have the link to the VOD?

Description

Time

  • Played on: March 24, 2018, 11:35 a.m.
  • Length: 24:02
Show
View Real Time Build Order
Export as new Build Order

AceVenturaPD Protoss - Winner!

Build Orders: Forge Fast Expand (FFE) 

Get SALT Encoding   

  12  0:01  Probe  
  13  0:13  Probe  
  14  0:21  Pylon  
  14  0:26  Probe  
  15  0:39  Probe  
  15  0:42  Forge  
  16  0:51  Probe (Chrono Boost)  
  17  1:00  Probe (Chrono Boost)  
  18  1:06  Gateway  
  18  1:32  Pylon  
  18  1:34  Nexus  
  18  1:44  Photon Cannon  
  18  1:57  Pylon  
  18  2:01  Probe  
  19  2:08  Assimilator  
  19  2:12  Assimilator  
  19  2:13  Probe  
  20  2:17  Photon Cannon  
  20  2:27  Probe  
  20  2:33  Zealot  
  22  2:45  Cybernetics Core  
  22  2:46  Probe (Chrono Boost)  
  24  2:52  Probe (Chrono Boost)  
  24  3:01  Probe  
  24  3:03  Probe  
  26  3:08  Protoss Ground Weapons Level 1 (Chrono Boost)  
  26  3:10  Pylon  
  26  3:13  Probe  
  26  3:15  Probe  
  28  3:20  Warp Gate (Chrono Boost)  
  28  3:24  Shield Battery  
  28  3:26  Probe  
  29  3:27  Probe  
  30  3:38  Probe  
  30  3:40  Probe  
  32  3:44  Pylon  
  32  3:57  Probe  
  32  3:58  Probe  
  32  4:01  Gateway  
  32  4:02  Gateway  
  34  4:05  Sentry  
  34  4:09  Probe  
  37  4:10  Pylon, Probe  
  38  4:22  Probe x2  
  40  4:28  Twilight Council  
  40  4:29  Assimilator  
  40  4:30  Assimilator  
  40  4:34  Probe x2  
  42  4:39  Photon Cannon  
  42  4:46  Probe x2  
  42  4:52  Gateway  
  44  4:55  Gateway  
  44  4:58  Probe x2  
  46  5:05  Protoss Ground Weapons Level 2 (Chrono Boost)  
  46  5:13  Photon Cannon  
  46  5:15  Probe x2  
  48  5:30  Dark Shrine  
  48  5:35  Stargate  
  48  5:43  Nexus, Stalker x2  
  48  5:45  Sentry  
  48  5:49  Probe x2  
  56  6:01  Probe x2  
  56  6:19  Phoenix  
  58  6:44  Phoenix (Chrono Boost)  
  60  7:01  Charge (Chrono Boost)  
  60  7:06  Phoenix (Chrono Boost), Dark Templar x2  
  60  7:07  Dark Templar x2  
  70  7:35  Sentry  
  68  7:44  Stalker x2, Sentry  
  74  7:51  Phoenix  
  74  7:58  Probe  
  77  8:10  Pylon  
  77  8:12  Pylon  
  77  8:13  Pylon  
  77  8:22  Protoss Ground Weapons Level 3 (Chrono Boost)  
  77  8:28  Probe x2 (Chrono Boost)  
  77  8:29  Probe (Chrono Boost)  
  77  8:33  Phoenix  
  82  8:40  Probe x2 (Chrono Boost)  
  82  8:41  Zealot x5, Probe (Chrono Boost)  
  89  8:46  Probe (Chrono Boost)  
  89  8:48  Assimilator  
  94  8:51  Assimilator  
  94  8:55  Robotics Facility x2  
  92  8:57  Gateway  
  92  8:59  Gateway  
  92  9:01  Gateway  
  92  9:02  Pylon, Gateway  
  92  9:03  Pylon  
  92  9:05  Pylon  
  92  9:07  Pylon, Dark Templar  
  92  9:08  Dark Templar  
  92  9:09  Dark Templar  
  98  9:10  Dark Templar  
  100  9:29  Zealot  
  102  9:39  Zealot  
  102  9:40  Zealot x2  
  102  9:41  Pylon  
  102  9:42  Archon x2  
  102  9:43  Pylon  
  108  9:46  Phoenix, Pylon  
  110  9:55  Photon Cannon  
  110  9:56  Probe x3  
  110  9:57  Photon Cannon  
  110  9:59  Protoss Air Weapons Level 1  
  113  10:00  Stalker x3  
  119  10:08  Probe x2  
  119  10:10  Phoenix, Observer  
  119  10:11  Observer  
  125  10:24  Pylon  
  125  10:26  Pylon  
  123  10:35  Sentry  
  121  10:36  Zealot x3  
  121  10:37  Zealot x5  
  103  11:03  Protoss Ground Armor Level 1 (Chrono Boost)  
  103  11:08  Pylon  
  103  11:10  Zealot  
  105  11:11  Zealot  
  105  11:12  Zealot x5  
  105  11:13  Zealot x2  
  121  11:27  Immortal x2 (Chrono Boost)  
  121  11:28  Nexus  
  121  11:31  Phoenix  
  131  11:38  Assimilator  
  131  11:40  Dark Templar x2  
  131  11:41  Dark Templar x3  
  131  11:42  Dark Templar x3, Assimilator  
  131  11:44  Pylon  
  147  11:47  Archon x4  
  147  11:50  Zealot  
  149  11:57  Immortal x2 (Chrono Boost)  
  157  12:18  Sentry  
  157  12:20  Zealot x4  
  157  12:21  Zealot  
  157  12:22  Stalker x2  
  173  12:36  Zealot  
  175  12:37  Photon Cannon  
  175  12:40  Photon Cannon, Zealot  
  175  12:41  Zealot x2  
  175  13:00  Zealot x3  
  155  13:28  Probe  
  155  13:29  Probe x2  
  158  13:35  Phoenix  
  158  13:37  Immortal x2  
  158  13:40  Probe  
  158  13:41  Sentry x2, Probe x2  
  173  13:43  Zealot x4  
  173  13:44  Zealot x3  
  189  13:55  Probe x2 (Chrono Boost)  
  193  14:00  Phoenix, Probe (Chrono Boost)  
  193  14:01  Probe (Chrono Boost)  
  195  14:04  Probe (Chrono Boost)  
  130  14:27  Phoenix  
  132  14:35  Zealot x6  
  132  14:36  Zealot x3  
  150  14:49  Nexus  
  150  14:52  Pylon  
  150  14:54  Pylon  
  150  14:58  Pylon  
  150  15:02  Gateway  
  150  15:03  Stalker x2  
  150  15:04  Gateway  
  150  15:07  Gateway x2  
  154  15:12  Templar Archives  
  154  15:18  Dark Templar x5  
  164  15:21  Dark Templar  
  164  15:22  Archon x2  
  164  15:25  Archon  
  166  15:41  Photon Cannon  
  166  15:43  Photon Cannon  
  166  15:46  Photon Cannon  
  166  15:47  Gateway  
  166  15:49  Gateway  
  166  15:50  Immortal (Chrono Boost)  
  166  15:51  Gateway  
  166  15:54  Immortal (Chrono Boost)  
  172  15:59  Protoss Ground Armor Level 2 (Chrono Boost)  
  172  16:15  Stalker x2  
  172  16:16  Stalker x3  
  182  16:29  Photon Cannon  
  182  16:32  Psionic Storm  
  180  16:38  Assimilator  
  180  16:40  Assimilator  
  180  16:51  High Templar x5  
  190  16:55  High Templar x3  
  190  16:56  High Templar x2  
  190  16:59  Archon x2  
  200  17:03  Archon  
  132  18:08  Immortal x2  
  138  18:17  Stalker x5  
  138  18:18  Zealot x4  
  138  18:19  Zealot x4  
  158  18:20  Stalker x3  
  164  19:00  Nexus  
  164  19:03  Pylon  
  164  19:05  Pylon  
  164  19:08  Zealot  
  164  19:09  Zealot x6  
  178  19:10  High Templar, Zealot x2  
  178  19:11  High Templar x6  
  196  19:33  Shadow Stride  
  196  19:41  Assimilator  
  196  19:42  Blink (Chrono Boost)  
  196  19:46  Assimilator  
  196  19:47  Stargate  
  196  19:48  Photon Cannon  
  196  19:49  Fleet Beacon  
  196  19:50  Photon Cannon  
  196  19:52  Photon Cannon, Stalker x2  
  200  19:54  Stargate  
  200  19:55  Photon Cannon  
  200  19:58  Photon Cannon  
  194  20:57  Anion Pulse-Crystals (Chrono Boost)  
  194  21:13  Protoss Air Weapons Level 2, Observer x2 (Chrono Boost)  
  196  21:19  Protoss Ground Armor Level 3 (Chrono Boost)  
  196  21:41  Void Ray (Chrono Boost)  
  198  21:52  Sentry x2  
  200  21:54  Graviton Catapult  
  200  22:15  Void Ray x2 (Chrono Boost)  
  174  22:25  Tempest (Chrono Boost)  
  178  22:30  Sentry  
  178  22:33  High Templar  
  178  22:34  High Templar x5  
  178  22:35  High Templar x4  
  200  22:38  Archon x3  
  200  22:39  Archon  
  200  22:40  Archon  
  140  23:29  Zealot x6  
  140  23:30  Zealot x5  
  140  23:31  Zealot x5  
Show
View Real Time Build Order
Export as new Build Order

Scrotacular Zerg 

Build Orders: Hatch First 

Get SALT Encoding   

  12  0:02  Drone  
  13  0:13  Overlord  
  13  0:18  Drone  
  14  0:37  Drone x3  
  17  0:56  Drone  
  18  0:59  Drone, Hatchery  
  18  1:11  Extractor  
  17  1:20  Spawning Pool  
  16  1:26  Drone x2  
  16  1:31  Drone  
  20  1:54  Drone  
  20  1:58  Overlord  
  20  2:08  Zergling x2  
  21  2:11  Queen  
  21  2:12  Zergling x2  
  24  2:41  Drone  
  25  2:45  Drone x2  
  27  2:55  Drone  
  27  2:57  Drone  
  29  3:16  Drone x3  
  29  3:17  Drone x2  
  33  3:27  Queen  
  35  3:48  Overlord x2  
  35  3:56  Hatchery  
  34  4:04  Drone  
  34  4:06  Drone  
  34  4:08  Drone x4  
  40  4:11  Extractor  
  40  4:12  Lair  
  40  4:14  Extractor  
  38  4:21  Drone x3  
  38  4:22  Drone x2  
  43  4:26  Drone  
  44  4:36  Metabolic Boost  
  44  4:48  Evolution Chamber  
  44  4:49  Evolution Chamber  
  42  4:53  Roach Warren  
  42  4:54  Zergling x16  
  49  5:11  Drone x2  
  49  5:12  Drone x4  
  55  5:18  Zerg Ground Armor Level 1, Zerg Missile Weapons Level 1  
  55  5:25  Hydralisk Den  
  55  5:27  Extractor  
  53  5:36  Drone x4  
  53  5:40  Overlord x3  
  57  5:51  Glial Reconstitution  
  57  5:58  Spore Crawler  
  57  5:59  Spore Crawler  
  51  6:28  Roach  
  51  6:29  Roach x14  
  51  6:31  Overlord  
  81  6:42  Grooved Spines  
  81  6:47  Spore Crawler  
  81  6:49  Queen x2  
  81  6:53  Roach x2  
  88  6:54  Overlord  
  88  6:55  Overlord  
  88  7:01  Drone  
  89  7:02  Overlord  
  89  7:13  Roach x7  
  103  7:20  Zerg Missile Weapons Level 2  
  84  7:44  Overseer  
  84  7:45  Overseer x2  
  84  7:46  Pneumatized Carapace  
  84  7:49  Drone x5  
  84  7:50  Drone x6  
  93  7:54  Hydralisk  
  93  7:55  Hydralisk x2  
  97  8:05  Zerg Ground Armor Level 2  
  97  8:20  Extractor  
  97  8:22  Extractor  
  97  8:23  Drone x3  
  97  8:24  Drone x3  
  102  8:27  Drone x2  
  102  8:29  Drone x2  
  104  8:48  Hydralisk  
  104  8:53  Hatchery  
  105  8:59  Overlord x3  
  105  9:11  Muscular Augments  
  105  9:17  Hydralisk  
  105  9:18  Hydralisk x11  
  129  9:31  Overlord  
  129  9:32  Overlord x2  
  129  9:34  Overseer  
  129  9:35  Overseer  
  131  9:52  Roach  
  131  9:53  Roach x7  
  131  9:57  Ravager  
  131  9:58  Overlord x2  
  146  10:08  Ravager x4  
  95  10:57  Roach x2  
  95  10:58  Roach x18  
  95  11:01  Overlord x2  
  135  11:05  Drone  
  135  11:08  Overlord  
  136  11:19  Infestation Pit  
  136  11:22  Overseer x3  
  135  11:38  Hatchery  
  134  11:41  Zergling x2  
  134  11:42  Zergling x6  
  138  11:56  Zergling x26  
  138  11:57  Zergling x12  
  157  12:24  Ravager x3  
  157  12:27  Overlord x3  
  160  12:30  Hive  
  135  13:11  Roach x2  
  135  13:12  Roach x20  
  151  13:20  Hydralisk  
  151  13:21  Hydralisk x5  
  161  13:35  Drone x4  
  161  13:38  Extractor  
  164  13:41  Extractor  
  164  13:42  Ravager x2  
  164  13:45  Overlord x3  
  165  13:51  Zerg Ground Armor Level 3, Zerg Missile Weapons Level 3  
  165  13:56  Ultralisk Cavern  
  165  13:57  Drone  
  122  14:23  Hydralisk  
  89  14:24  Hydralisk x12  
  89  14:27  Zergling x8  
  89  14:28  Zergling x24  
  110  14:38  Roach x2  
  114  14:47  Chitinous Plating  
  114  14:53  Drone x2  
  114  14:54  Drone  
  114  14:55  Drone x3  
  114  14:56  Drone x4  
  124  15:03  Baneling Nest  
  124  15:06  Drone x8  
  131  15:27  Overseer  
  131  15:28  Overseer  
  130  15:38  Ultralisk  
  130  15:39  Ultralisk x3  
  154  15:58  Baneling x4  
  154  15:59  Baneling x9  
  154  16:09  Extractor  
  154  16:10  Extractor  
  152  16:16  Centrifical Hooks  
  152  16:25  Hydralisk  
  152  16:26  Hydralisk x4  
  162  16:43  Zerg Melee Weapons Level 1  
  162  17:00  Spire  
  161  17:06  Hydralisk x8  
  177  17:18  Hatchery  
  177  17:20  Hatchery  
  175  17:29  Hydralisk x4  
  177  17:30  Hydralisk x3  
  177  17:31  Hatchery  
  151  17:47  Hydralisk  
  151  17:48  Hydralisk x6  
  129  17:57  Hydralisk  
  129  17:58  Hydralisk x3  
  107  18:00  Zergling x2  
  107  18:01  Zergling x54  
  107  18:02  Zergling x2  
  139  18:19  Greater Spire  
  137  18:24  Baneling x14  
  137  18:25  Baneling  
  137  18:38  Corruptor  
  137  18:39  Corruptor  
  133  18:55  Baneling  
  133  18:56  Baneling x7  
  126  19:12  Hydralisk x4  
  134  19:23  Zergling x12  
  134  19:24  Zergling x28  
  152  19:27  Baneling x6  
  152  19:28  Baneling  
  154  19:41  Drone x14  
  168  20:05  Hydralisk x9  
  185  20:52  Overlord  
  185  20:53  Overlord x2  
  185  20:57  Hatchery  
  184  21:11  Brood Lord x2  
  188  21:12  Corruptor x5  
  188  21:18  Baneling x2  
  198  21:19  Baneling x15  
  165  22:21  Brood Lord  
  165  22:22  Corruptor, Brood Lord x4  
  169  22:23  Corruptor x2  
  169  22:25  Zergling x2  
  169  22:26  Zergling x44  
  196  22:31  Overseer x2  
  196  22:47  Baneling  
  196  22:48  Baneling x8  
  104  23:21  Corruptor  
  104  23:22  Corruptor x2  
  79  23:31  Zergling x2, Extractor  
  79  23:32  Zergling x38  
  79  23:33  Zergling x2, Extractor  
Tags
 
Add a new tag
Caveats
  • Supply blocks, unpowered buildings, or Contaminate may cause inaccurate times.
  • Supply counts are checked every 10 seconds.